 Dungeon Crawl Stone Soup version 0.26-b1-45-g23770d1d51 (webtiles) character file.

Game seed: 13079151873762757516

523 DocSulfur the Ruffian (level 7, 85/85 HPs)
             Began as a Green Draconian Transmuter on Jan 6, 2021.
             Quit the game in a sewer.
             The game lasted 00:06:31 (2850 turns).

DocSulfur the Ruffian (Green Draconian Transmuter)  Turns: 2850, Time: 00:06:32

Health: 85/85      AC: 23    Str: 11 (14) XL:     7   Next: 2%
Magic:  11/11      EV:  2    Int: 11 (14) God:
Gold:   125        SH:  5    Dex: 10 (11) Spells: 9/12 levels left

rFire    . . .     SeeInvis .     - Unarmed
rCold    . . .     Faith    .   (no shield)
rNeg     + + +     Spirit   .   (armour unavailable)
rPois    +         Reflect  +   (helmet currently unavailable)
rElec    .         Harm     .   (cloak currently unavailable)
rCorr    .         Rampage  .   (gloves currently unavailable)
Will     .....     NoTele   +   (boots currently unavailable)
Stlth    +.........             q - amulet of reflection
HPRegen  0.24/turn              p - ring of teleportation
MPRegen  0.12/turn              (no ring)

@: tree-form
A: (breathe noxious fumes), unfitting armour, AC +6
a: no special abilities


You were in a sewer.
You were a tree.
You visited 1 branch of the dungeon, and saw 3 of its levels.
You also visited: Sewer.

You collected 125 gold pieces.

Inventory:

Missiles
 j - 66 arrows
 k - 36 stones
 n - 17 sling bullets
Armour
 e - a +1 cloak (melded)
 h - a +0 pair of boots (melded)
Jewellery
 p - a ring of teleportation (left branch)
 q - an amulet of reflection (around neck)
 t - an uncursed ring of resist corrosion {unknown}
Scrolls
 a - 2 scrolls of enchant weapon
 b - 3 scrolls of random uselessness
 i - a scroll of remove curse
Potions
 f - a potion of might
 g - 3 potions of curing
 l - 4 potions of flight
 m - 2 potions of magic
 o - a potion of lignification


   Skills:
 + Level 3.3 Fighting
 - Level 1.7 Dodging
 * Level 5.2 Unarmed Combat
 + Level 3.2 Spellcasting
 * Level 4.6 Transmutations


You had 9 spell levels left.
You knew the following spells:

 Your Spells              Type           Power        Failure   Level
a - Beastly Appendage     Tmut           24%          3%          1
b - Wereblood             Tmut           12%          6%          2

Your spell library contained the following spells:

 Spells                   Type           Power        Failure   Level
 Spider Form              Tmut/Pois      3%           30%         3
 Ice Form                 Ice/Tmut       6%           69%         4
 Blade Hands              Tmut           6%           71%         5


Dungeon Overview and Level Annotations

Branches:
Dungeon (3/15)              Sewer (1/1)

Altars:


Innate Abilities, Weirdness & Mutations

((You can breathe blasts of noxious fumes.))
((Your lurid green scales are hard. (AC +6)))
You cannot fit into any form of body armour.
((Your system is resistant to poisons. (rPois)))
((You are cold-blooded and may be slowed by cold attacks.))


Message History

It was a potion of ambrosia.
You are confused.
You feel invigorated.
Unknown command.
It was a potion of lignification.
You turn into a tree.
Your +1 cloak melds into your body.
Your +0 pair of boots melds into your body.
Your roots penetrate the ground.
It was a potion of degeneration.
There was something very wrong with that liquid.
You feel weakened.
You feel dopey.
You feel clumsy.
You feel less invigorated.
You feel less confused.
Okay, then.
Done exploring.
Done exploring.
Done exploring.
Done exploring.
Done exploring.
Are you sure you want to abandon this character and quit the game? (Confirm with "yes".)

### #≈# ########
#≈######
###.≈....###
##≈##...#
###..≈.......###
#.≈.#.∩.#
#...≈.####≈.≈≈§###
#.≈...∩.# ≈.≈≈###
###≈.§§§###.≈.....#
≈.≈##
##.§§♣§..≈).#####
.≈.≈###
###..§§§###.)÷....#
#....≈####.....###
#.≈.....#
###...≈...≈..###
#.≈.#...#
###......###
##≈##...# ########
#≈###.## #≈##..#
#≈##..# ####..#


There were no monsters in sight!

Vanquished Creatures
  Sigmund (D:2)
  A water moccasin (Sewer)
  A centaur (D:3)
  Crazy Yiuf (D:2)
  Jessica (D:2)
  Robin (D:3)
  4 adders
  A worm (D:2)
  A dart slug (D:1)
  A leopard gecko (D:2)
  4 orcs (D:3)
  A ball python (D:2)
  3 giant cockroaches
  13 goblins
  8 hobgoblins
  10 jackals
  A quokka (D:3)
  6 bats
  4 frilled lizards
  8 kobolds
  6 rats
77 creatures vanquished.

Notes
Turn   | Place    | Note
-------+----------+-------------------------------------------
     0 | D:1      | DocSulfur the Draconian Transmuter began the quest for the
                  | Orb.
     0 | D:1      | Reached XP level 1. HP: 16/16 MP: 3/3
   341 | D:1      | Reached XP level 2. HP: 18/23 MP: 3/5
   346 | D:1      | Learned a level 2 spell: Wereblood
   742 | D:1      | Reached XP level 3. HP: 29/29 MP: 2/6
  1508 | D:2      | Noticed Jessica
  1519 | D:2      | Killed Jessica
  1571 | D:2      | Found a runed translucent door.
  1572 | D:2      | Noticed Crazy Yiuf
  1736 | D:2      | Reached XP level 4. HP: 32/36 MP: 3/7
  2037 | D:2      | Noticed Sigmund
  2050 | D:2      | Killed Sigmund
  2051 | D:2      | Reached skill level 4 in Unarmed Combat
  2051 | D:2      | Reached XP level 5. HP: 33/44 MP: 5/9
  2206 | D:2      | Killed Crazy Yiuf
  2366 | D:3      | Noticed a centaur
  2377 | D:3      | Reached XP level 6. HP: 41/50 MP: 8/10
  2409 | D:3      | Noticed Robin
  2419 | D:3      | Killed Robin
  2456 | D:3      | Found a glowing drain.
  2556 | Sewer    | Entered a sewer
  2573 | Sewer    | Reached skill level 5 in Unarmed Combat
  2593 | Sewer    | Noticed a water moccasin
  2609 | Sewer    | Killed a water moccasin
  2610 | Sewer    | Your scales start taking on a lurid green colour.
  2610 | Sewer    | Reached XP level 7. HP: 39/57 MP: 8/11
  2610 | Sewer    | Gained mutation: Your system is resistant to poisons.
                  | (rPois) [Green Draconian growth]
  2850 | Sewer    | Quit the game

Illustrated notes

Levels and vault maps discovered:
D:1:      lemuel_arrival_river_ford, layout_loops_ring
D:2:      layout_rooms, uniq_crazy_yiuf_cottage, uniq_jessica, uniq_sigmund
D:3:      layout_basic, gup_sewer_entry_glass, uniq_robin
Sewer:    sewer_the_moccasin

Skill      XL: |  1  2  3  4  5  6 |
---------------+-------------------+-----
Fighting       | 2 3 |  3.3
Transmutations | 3 4 |  4.6
Unarmed Combat | 4 5 |  5.2
Spellcasting   | 3 |  3.2
Dodging        | |  1.7

Action                   |  1- 3 |  4- 6 |  7- 9 || total
-------------------------+-------+-------+-------++-------
Melee: Unarmed           |   100 |   116 |       ||   216
       Tailslap          |     5 |    13 |       ||    18
       Kick              |    13 |    13 |       ||    26
       Headbutt          |     4 |     9 |       ||    13
       Punch             |     2 |       |       ||     2
 Cast: Beastly Appendage |    21 |    10 |       ||    31
       Wereblood         |    16 |     9 |       ||    25
  Use: Scroll            |       |     5 |     5 ||    10
       Potion            |       |     1 |     3 ||     4
Armor: Skin              |    28 |    24 |       ||    52
Dodge: Dodged            |    78 |    86 |       ||   164
Block: Other             |       |    27 |       ||    27
       Reflection        |       |     1 |       ||     1
